 Dungeon Crawl Stone Soup version 0.18-a0-816-g97f838e (webtiles) character file.

5078 dorian the Destroyer (level 10, -5/63 HPs)
             Began as an Octopode Conjurer on Dec 14, 2015.
             Was a Believer of Vehumet.
             Slain by a minotaur (7 damage)
             ... in a labyrinth on Dec 15, 2015.
             The game lasted 00:28:10 (11458 turns).

dorian the Destroyer (Octopode Conjurer)           Turns: 11458, Time: 00:28:10

Health: -5/63      AC:  6    Str:  7    XL:     10   Next: 56%
Magic:  5/21       EV: 12    Int: 22    God:    Vehumet [**....]
Gold:   558        SH:  0    Dex: 12    Spells: 4 memorised, 13 levels left

rFire  x . .     SeeInvis .     n - +3 mace (protect)
rCold  + . .     Clarity  .     (no shield)
rNeg   . . .     SustAt   .     (helmet restricted)
rPois  .         Gourm    +     t - amulet of the gourmand
rElec  .         Spirit   .     x - ring of ice
rCorr  .         Dismiss  .     l - ring of stealth
rMut   .         Stasis   .     (no ring)
MR     .....                    (no ring)
Stlth  ++++......               (no ring)
                                (no ring)
                                (no ring)
                                (no ring)

@: very slightly contaminated, invisible, not resistant to hostile enchantments,
stealthy
A: almost no armour, amphibious, 8 rings, constrict 8, camouflage 1, gelatinous
body 1
a: Renounce Religion


You were in a labyrinth.
You worshipped Vehumet.
Vehumet was pleased with you.
You were full.

You visited 3 branches of the dungeon, and saw 11 of its levels.
You also visited: Labyrinth.

You collected 558 gold pieces.

Inventory:

Hand Weapons
 n - a +3 mace of protection (weapon)
 E - a +3 morningstar
Jewellery
 l - a ring of stealth (right tentacle)
 t - an amulet of the gourmand (around mantle)
 x - a ring of ice (left tentacle)
Wands
 f - a wand of lightning (10)
 o - a wand of flame (18)
 w - a wand of polymorph (12)
 y - a wand of fire (6)
 B - a wand of random effects (26)
 C - a wand of draining (1)
 D - a wand of frost (18)
Scrolls
 d - 2 scrolls of enchant armour
 g - 3 scrolls of identify
 i - 3 scrolls of remove curse
 j - a scroll of amnesia
 k - a scroll of fear {unknown}
 F - 3 scrolls of recharging
 K - 4 scrolls of blinking
Potions
 c - 7 potions of curing
 e - 2 potions of invisibility
 m - a potion of brilliance {unknown}
 p - a potion of lignification {unknown}
 r - a potion of degeneration {unknown}
 u - 4 potions of resistance {unknown}
 v - a potion of cure mutation {unknown}
 z - 3 potions of heal wounds
 H - a potion of mutation {unknown}
 J - a potion of haste {unknown}
 L - a potion of magic {unknown}
Books
 a - a book of Conjurations

   Spells                             Type                      Level
   a - Magic Dart                     Conjuration                  1
   b - Searing Ray                    Conjuration                  2
   c - Dazzling Spray                 Conjuration/Hexes            3
   d - Fulminant Prism                Conjuration/Hexes            4
   e - Iskenderun's Mystic Blast      Conjuration                  4
   f - Iskenderun's Battlesphere      Conjuration/Charms           5
Comestibles
 b - 8 bread rations
 h - 2 beef jerkies
 s - 5 meat rations
 A - 2 slices of pizza
 I - a royal jelly


   Skills:
 - Level 3.3 Fighting
   Level 0.4 Short Blades
   Level 3.0 Staves
 - Level 2.0 Dodging
 - Level 2.6 Stealth
 + Level 7.7 Spellcasting
 * Level 12.3 Conjurations
 + Level 1.0 Charms


You had 13 spell levels left.
You knew the following spells:

 Your Spells              Type           Power        Failure   Level  Hunger
a - Magic Dart            Conj           ####         1%          1    None
b - Searing Ray           Conj           ######       1%          2    None
c - Dazzling Spray        Conj/Hex       #####...     1%          3    None
d - Iskenderun's Battles  Conj/Chrm      #####...     14%         5    #####..


Dungeon Overview and Level Annotations

Branches:
Dungeon (9/15)             Temple (1/1) D:4            Lair (1/8) D:9
    Orc (0/2) D:9

Altars:
Ashenzari
Cheibriados
Dithmenos
Elyvilon
Fedhas
Gozag
Kikubaaqudgha
Makhleb
Nemelex Xobeh
Okawaru
Pakellas
Ru
Sif Muna
Trog
Vehumet
Xom
Yredelemnul
Zin
The Shining One


Innate Abilities, Weirdness & Mutations

You cannot wear most types of armour.
You are amphibious.
You can wear up to eight rings at the same time.
You can use your tentacles to constrict eight enemies at once.
Your skin changes colour to match your surroundings (Stealth).
Your rubbery body absorbs attacks (AC +1).


Message History

The barrage of energy hits the minotaur.
The minotaur is moderately wounded.
The searing ray hits the minotaur.
The minotaur is moderately wounded.
Your battlesphere fires!
The barrage of energy hits the minotaur.
The minotaur is moderately wounded.
The searing ray hits the minotaur.
The minotaur is moderately wounded.
Your battlesphere fires!
The barrage of energy hits the minotaur.
The minotaur is heavily wounded.
Your battlesphere expends the last of its energy and dissipates.
The searing ray hits the minotaur.
The minotaur is severely wounded.
The minotaur hits you!! The minotaur gores you! The minotaur hits you!!
* * * LOW HITPOINT WARNING * * *
The minotaur gores you!
You die...

# # .# ### .
### ## ##.#.
#........... #
######## ##
#.#....H.#...#
# #.####@#.##
#.# #.#.# .###
#.#.# #
#........#
######## #
....... .. # #
# #.#.#.# #
..#. # . #


You could see a minotaur.

Vanquished Creatures
  An elephant (D:9)
  A spriggan (D:7)
  2 humans (D:8)
  A yak (D:9)
  Eustachio (D:5)
  A hippogriff (Lair:1)
  A hungry ghost (D:9)
  Menkaure (D:6)
  Edmund (D:6)
  2 ice beasts (D:9)
  3 orc warriors
  A black bear (Lair:1)
  A phantom (D:4)
  A necrophage (D:7)
  2 crocodiles
  A sky beast (D:5)
  2 centaurs
  A big kobold (D:8)
  Blork the orc (D:5)
  6 giant frogs
  A wyvern zombie (D:6)
  4 jellies
  2 scorpions
  5 wights (D:6)
  3 crimson imps
  4 giant frog zombies
  An orc priest (D:5)
  4 worker ants
  2 giant frog skeletons
  9 orc wizards
  5 iguanas
  Crazy Yiuf (D:2)
  5 centaur skeletons
  4 hounds
  Natasha (D:2)
  A sheep (D:9)
  A hound zombie (D:7)
  Robin (D:2)
  7 adders
  A shadow imp (D:7)
  An ooze (D:5)
  2 adder skeletons
  8 giant geckos
  23 orcs
  4 giant cockroaches
  16 goblins
  4 hobgoblins
  6 jackals
  12 kobolds
  3 ball pythons
  9 bats
  5 giant newts
  A jackal skeleton (D:4)
  4 quokkas
  A quokka skeleton (D:7)
  A quokka zombie (D:5)
  5 rats
198 creatures vanquished.

Notes
Turn   | Place    | Note
--------------------------------------------------------------
     0 | D:1      | dorian the Octopode Conjurer began the quest for the Orb.
     0 | D:1      | Reached XP level 1. HP: 11/11 MP: 3/3
   476 | D:1      | Reached XP level 2. HP: 13/17 MP: 1/5
   830 | D:2      | Noticed Robin
   857 | D:2      | Reached XP level 3. HP: 21/21 MP: 2/6
   961 | D:2      | Found a sacrificial altar of Ru.
  1038 | D:2      | Learned a level 2 spell: Searing Ray
  1041 | D:2      | Noticed Crazy Yiuf
  1047 | D:2      | Killed Crazy Yiuf
  1047 | D:2      | Reached skill level 5 in Conjurations
  1131 | D:2      | Reached XP level 4. HP: 27/27 MP: 7/7
  1160 | D:2      | Killed Robin
  1160 | D:2      | Reached skill level 1 in Fighting
  1722 | D:2      | Noticed Natasha
  1730 | D:2      | Killed Natasha
  1985 | D:3      | Found a glowing golden altar of the Shining One.
  2000 | D:3      | Found a sparkling altar of Nemelex Xobeh.
  2029 | D:3      | Reached XP level 5. HP: 33/33 MP: 4/8
  2040 | D:3      | Found a basalt altar of Yredelemnul.
  2532 | D:4      | Found an opulent altar of Gozag.
  2561 | D:4      | Reached skill level 6 in Conjurations
  2867 | D:4      | Reached XP level 6. HP: 32/39 MP: 9/9
  3077 | D:4      | Reached skill level 1 in Staves
  3426 | D:4      | Found a staircase to the Ecumenical Temple.
  3440 | Temple   | Entered the Ecumenical Temple
  3473 | Temple   | Became a worshipper of Vehumet
  3509 | D:4      | Learned a level 3 spell: Dazzling Spray
  3866 | D:4      | Found a shattered altar of Ashenzari.
  3908 | D:5      | Entered Level 5 of the Dungeon
  3977 | D:5      | Reached XP level 7. HP: 42/45 MP: 4/11
  4219 | D:5      | Noticed Eustachio
  4231 | D:5      | Killed Eustachio
  4231 | D:5      | Reached skill level 7 in Conjurations
  4637 | D:5      | Noticed Blork the orc
  4654 | D:5      | Killed Blork the orc
  4655 | D:5      | Reached XP level 8. HP: 52/52 MP: 2/14
  5108 | D:5      | Found an oddly glowing altar of Pakellas.
  5179 | D:5      | Reached skill level 8 in Conjurations
  5755 | D:6      | Noticed Menkaure
  5763 | D:6      | Killed Menkaure
  5763 | D:6      | Reached skill level 5 in Spellcasting
  5763 | D:6      | Reached skill level 9 in Conjurations
  5957 | D:6      | Reached XP level 9. HP: 42/57 MP: 8/16
  6030 | D:6      | Reached * piety under Vehumet
  6030 | D:6      | Offered knowledge of Flame Tongue by Vehumet.
  6202 | D:6      | Noticed Edmund
  6221 | D:6      | Killed Edmund
  6678 | D:6      | Reached skill level 10 in Conjurations
  6704 | D:6      | Learned a level 5 spell: Iskenderun's Battlesphere
  8176 | D:8      | Found an iron altar of Okawaru.
  8185 | D:8      | Reached skill level 11 in Conjurations
  8338 | D:8      | Reached XP level 10. HP: 63/63 MP: 14/20
  8620 | D:8      | Found a white marble altar of Elyvilon.
  8969 | D:8      | Offered knowledge of Throw Flame by Vehumet.
  8995 | D:8      | Reached ** piety under Vehumet
  9192 | D:8      | Found a blossoming altar of Fedhas.
  9349 | D:9      | Found a staircase to the Lair.
  9349 | D:9      | Noticed an elephant
  9378 | D:9      | Upgraded the game from 0.18-a0-801-gb01a236 to 0.18-a0-816-g97f838e
  9404 | D:9      | Found a glowing silver altar of Zin.
  9652 | D:9      | Found a staircase to the Orcish Mines.
  9825 | D:9      | Killed an elephant
 10135 | D:9      | Reached skill level 12 in Conjurations
 10483 | D:9      | Noticed a moth of wrath
 10486 | D:9      | Found a bloodstained altar of Trog.
 10642 | Lair:1   | Entered Level 1 of the Lair of Beasts
 10796 | Lair:1   | Found a labyrinth entrance.
 10809 | Lair:1   | Reached skill level 1 in Charms
 10812 | Lab      | Entered a labyrinth
 11431 | Lab      | Noticed a minotaur
 11458 | Lab      | HP: 2/63 [minotaur (25)]
 11458 | Lab      | Slain by a minotaur

Vault maps used:
D:1:      dpeg_cavernosity
D:2:      lemuel_crystal_altar, first_bread, uniq_natasha,
          uniq_crazy_yiuf_cottage, uniq_robin
D:3:      nicolae_overflow_crystal_walls, tso_altar, nemelex_deck
D:4:      grunt_gozag_breadcrumbs, minmay_temple_entry_hall,
          cheibrodos_ashenzari_chains
D:5:      grunt_pakellas_basics, uniq_eustachio, uniq_blork_the_orc
D:6:      uniq_edmund, uniq_menkaure
D:7:      the_bakery
D:8:      elyvilon_altar_4, fedhas_altar_4, okawaru_humans
D:9:      tgw_trog, old_standard_altar, david_lair_generic, orc_0_dummy,
          minmay_misc_feat_more_columns, columned_hall_lemuel
Temple:   cyrus_temple_forest_13
Lair:1:   lab_entry_generic, beast_lair_carwin_2, bh_autumn_forest_stairs
Lab:      labyrinth_spiral, labyrinth_skeletal_remains, nicolae_lab_swirl,
          nicolae_lab_x

Action                   |  1- 3 |  4- 6 |  7- 9 | 10-12 || total
-------------------------+-------+-------+-------+-------++-------
Melee: Unarmed           |    12 |       |       |       ||    12
       Dagger            |    28 |       |    31 |       ||    59
       Quarterstaff      |     4 |    70 |    10 |       ||    84
       Mace              |       |       |       |     6 ||     6
 Cast: Magic Dart        |    12 |    50 |   109 |    79 ||   250
       Searing Ray       |     1 |     2 |    55 |    19 ||    77
       Dazzling Spray    |       |       |     3 |     3 ||     6
       Iskenderun's Batt |       |       |       |    12 ||    12
Evoke: Wand              |       |       |     6 |     1 ||     7
  Use: Scroll            |       |       |       |    15 ||    15
       Potion            |       |       |       |     1 ||     1
 Stab: Sleeping          |     7 |    10 |     2 |       ||    19
       Distracted        |       |       |     1 |       ||     1
  Eat: Chunk             |     1 |    12 |    20 |     9 ||    42
